 Dungeon Crawl Stone Soup version 0.22-a0-266-g5fdf0d7 (webtiles) character file.

42 Chent the Cudgeler (level 3, -2/29 HPs)
             Began as a Human Berserker on Mar 8, 2018.
             Was a Believer of Trog.
             Slain by Robin
             ... wielding a +0 short sword of electrocution
              (19 damage)
             ... on level 2 of the Dungeon.
             The game lasted 00:07:15 (1148 turns).

Chent the Cudgeler (Human Berserker)                Turns: 1148, Time: 00:07:16

Health: -2/29      AC:  2    Str: 18    XL:     3   Next: 77%
Magic:  3/3        EV: 12    Int:  7    God:    Trog [**....]
Gold:   14         SH:  0    Dex: 12    Spells: 2/2 levels left

rFire    . . .     SeeInvis .   a - +0 mace
rCold    . . .     Gourm    .   (no shield)
rNeg     . . .     Faith    .   b - +0 animal skin
rPois    .         Spirit   .   (no helmet)
rElec    .         Reflect  .   (no cloak)
rCorr    .         Harm     .   (no gloves)
MR       .....                  (no boots)
Stlth    +.........             (no amulet)
HPRegen  0.09/turn              (no ring)
MPRegen  0.08/turn              (no ring)

@: berserk cooldown, slowed, very slow
A: no striking features
a: Berserk, Trog's Hand, Renounce Religion


You were on level 2 of the Dungeon.
You worshipped Trog.
Trog was pleased with you.
You were near starving.

You visited 1 branch of the dungeon, and saw 2 of its levels.

You collected 14 gold pieces.

Inventory:

Hand Weapons
 a - a +0 mace (weapon)
 f - a +0 mace
 o - a +0 hunting sling
Missiles
 h - 34 arrows
 m - 2 throwing nets (quivered)
Armour
 b - a +0 animal skin (worn)
Scrolls
 d - a scroll of fear {unknown}
 g - 2 scrolls of identify {unknown}
 l - a scroll of amnesia {unknown}
 p - a scroll of magic mapping {unknown}
 q - a scroll of fog {unknown}
Potions
 e - a potion of agility {unknown}
 j - a potion of resistance {unknown}
 k - 2 potions of heal wounds {unknown}
 n - 3 potions of curing {unknown}
 r - a potion of might {unknown}
Comestibles
 c - 4 rations
 i - a chunk of flesh


   Skills:
 + Level 3.5 Fighting
 + Level 3.8 Maces & Flails
 + Level 2.1 Armour
 + Level 2.1 Dodging


You had 2 spell levels left.
You didn't know any spells.

Dungeon Overview and Level Annotations

Branches:
Dungeon (2/15)

Altars:

Annotations:
D:2 Robin


Message History

Trog accepts your kill.
The kobold throws a stone.
The stone hits you but does no damage.
Robin hits you with a short sword of electrocution.
The hobgoblin barely misses you. The kobold misses you.
You see here a goblin corpse.
You sock Robin!
Robin is heavily wounded.
The hobgoblin hits you with a club. The goblin completely misses you.
The kobold barely misses you.
You barely miss Robin.
Robin is heavily wounded.
You are no longer berserk.
You are exhausted.
You feel yourself slow down. The goblin hits you.
You hit Robin but do no damage.
Robin is heavily wounded.
The kobold barely misses you. The hobgoblin closely misses you.
Robin hits you but does no damage.
You are electrocuted!
Ouch! That really hurt!
You die...

....#.. ### ....#.. #..
....... #.# ....... ###
#.# ....... ##.####.#
h......
##.......#######gg.....
##.....#.......g@#
#.......#.######gKg.....
#.......#.# ###.####.
#.......#.## .#
##.......... .
#........#### #.
#............ ..
#........##### .(
##...........#


You could see Robin, a jackal, 2 hobgoblins, 2 goblins and a kobold.

Vanquished Creatures
  3 leopard geckos
  2 giant cockroaches (D:1)
  8 goblins
  8 hobgoblins
  2 jackals (D:2)
  2 kobolds (D:1)
  3 bats (D:1)
  5 frilled lizards (D:1)
  A rat (D:1)
34 creatures vanquished.

Notes
Turn   | Place    | Note
-------+----------+-------------------------------------------
     0 | D:1      | Chent the Human Berserker began the quest for the Orb.
     0 | D:1      | Reached XP level 1. HP: 18/18 MP: 1/1
    17 | D:1      | Noticed an electric eel
   155 | D:1      | Reached XP level 2. HP: 12/24 MP: 2/2
   686 | D:1      | Reached XP level 3. HP: 19/29 MP: 3/3
  1114 | D:2      | Noticed Robin
  1134 | D:2      | Reached ** piety under Trog
  1148 | D:2      | Slain by Robin

Vault maps used:
D:1:      arrival_aquarium_a
D:2:      uniq_robin

Action                   || total
-------------------------++-------
Melee: Mace              ||    97
Invok: Berserk           ||     1
 Stab: Sleeping          ||     1
Armor: Animal skin       ||    18
Dodge: Dodged            ||    87

Table legend:
 A = Spawn XP
 B = Non-spawn XP
 C = Spawn XP percentage of total XP
 D = Spawn monster count
 E = Non-spawn monster count
 F = Spawn count percentage of total count
 G = Total turns spent on level
                    A         B        C        D         E        F      G
               +---------+---------+-------+---------+---------+-------+---------
         Total |       0 |      60 |   0.0 |       0 |      34 |   0.0 |  1148
               +---------+---------+-------+---------+---------+-------+---------
           D:1 |       0 |      41 |   0.0 |       0 |      24 |   0.0 |  1057
           D:2 |       0 |      19 |   0.0 |       0 |      10 |   0.0 |    91
               +---------+---------+-------+---------+---------+-------+---------
